 Dungeon Crawl Stone Soup version 0.19-a0-994-g3c636f0 (webtiles) character file.

2579 4thArraOfDagon the Cleaver (level 9, -3/58 HPs)
             Began as a Gargoyle Berserker on July 17, 2016.
             Was a Believer of Trog.
             Killed by divine providence
             ... invoked by an orc priest
              (13 damage)
             ... on level 9 of the Dungeon.
             The game lasted 00:06:47 (1290 turns).

4thArraOfDagon the Cleaver (Gargoyle Berserker)     Turns: 1290, Time: 00:06:48

Health: -3/58      AC: 14    Str: 23    XL:     9   Next: 58%
Magic:  9/9        EV: 11    Int:  3    God:    Trog [**....]
Gold:   167        SH:  0    Dex:  9    Spells: 0 memorised, 8 levels left

rFire  . . .     SeeInvis .     a - +0 hand axe
rCold  . . .     Gourm    .     j - +1 ring mail of the Vestibule of Hell {rN++ Int-4}
rNeg   + + +     Faith    .     (no shield)
rPois  ∞         Spirit   .     (no helmet)
rElec  +         Dismiss  .     (no cloak)
rCorr  .         Reflect  .     (no gloves)
SustAt .         Harm     .     g - +0 pair of boots
MR     ++...                    (no amulet)
Stlth  ..........               (no ring)
                                (no ring)

@: exhausted, regenerating, slowed, very slow, very resistant to hostile
enchantments, extremely unstealthy
A: talons 1, dopey 1, negative energy resistance 1, electricity resistance, wild
magic 1, unbreathing, petrification resistance, rot immunity, AC +5
a: Berserk, Trog's Hand, Burn Spellbooks, Renounce Religion


You were on level 9 of the Dungeon.
You worshipped Trog.
Trog was pleased with you.
You were very hungry.

You visited 1 branch of the dungeon, and saw 9 of its levels.

You collected 167 gold pieces.

Inventory:

Hand Weapons
 a - a +0 hand axe (weapon)
 q - a +0 scimitar of flaming
Armour
 b - a +0 animal skin
 g - a +0 pair of boots (worn)
 j - the +1 ring mail of the Vestibule of Hell (worn) {rN++ Int-4}
   (You found it on level 4 of the Dungeon)

   It affects your intelligence (-4).
   It greatly protects you from negative energy.
Wands
 e - a wand of polymorph (0/24)
Scrolls
 f - 2 scrolls of identify
 h - 2 scrolls of amnesia
 i - a scroll of random uselessness
 k - 3 scrolls of noise {unknown}
 n - a scroll of fog {unknown}
Potions
 l - a potion of resistance
 m - a potion of flight {unknown}
 o - a potion of mutation
Comestibles
 c - 2 bread rations
 d - a meat ration
 p - a chunk of flesh


   Skills:
 + Level 7.6 Fighting
 * Level 8.8 Axes
 + Level 7.2 Armour
 - Level 1.5 Dodging


You had 8 spell levels left.
You didn't know any spells.

Dungeon Overview and Level Annotations

Branches:
Dungeon (9/15)             Temple (0/1) D:7
   Lair: D:8-11         Orc: D:9-12

Altars:
Pakellas
Uskayaw


Innate Abilities, Weirdness & Mutations

You are resistant to torment.
Your stone body is resilient. (AC +5)
You are immune to poison.
You resist negative energy. (rN+)
You are resistant to electric shocks. (rElec)
You can survive without breathing.
You are immune to petrification.
You are immune to rotting.
You have sharp toenails.
You are dopey. (Int -2)
Your spells are a little harder to cast, but a little more powerful.


Message History

You hit the yak. You slash the yak! You hit the yak.
You hit the yak but do no damage.
The yak gores you but does no damage. x2
The yak gores you!
* * * LOW HITPOINT WARNING * * *
Unknown command.
Unknown command.
Unknown command.
You completely miss the yak.
The yak is almost dead.
You barely miss the yak. You hit the yak. x2; You slash the yak!
You kill the yak!
Trog accepts your kill.
You are no longer berserk.
You are exhausted.
You feel yourself slow down.
You are feeling very hungry.
The yak barely misses you.
The orc priest mumbles some strange prayers to Beogh against you.
Beogh smites you!
You die...

........._.
$......#.## .
##.........#..
#.............
###............
..............#
............#
......Y@)...#
8##...YYY......
#....o.......
8............#.
............##
............#
............#
.>......>...#


You could see 4 yaks and an orc priest.

Vanquished Creatures
  Erica (D:8)
  Grinder (D:6)
  2 yaks (D:9)
  A hippogriff (D:8)
  The ghost of Shenda the Insei, an amateur OpTm (D:3)
  A porcupine (D:9)
  2 water moccasins
  A black bear (D:3)
  2 sky beasts
  A centaur (D:6)
  A giant frog (D:7)
  3 scorpions
  3 jellies
  2 orc priests
  4 orc wizards
  A worker ant (D:6)
  An adder (D:3)
  An ooze (D:1)
  A worm (D:2)
  A giant gecko (D:3)
  8 orcs
  A giant cockroach (D:7)
  2 hobgoblins
  10 jackals
  2 quokkas
  2 bats (D:1)
  2 giant newts
  A goblin (D:1)
  5 rats
64 creatures vanquished.

Notes
Turn   | Place    | Note
-------+----------+-------------------------------------------
     0 | D:1      | 4thArraOfDagon the Gargoyle Berserker began the quest for the Orb.
     0 | D:1      | Reached XP level 1. HP: 14/14 MP: 1/1
    56 | D:1      | Reached skill level 3 in Axes
    56 | D:1      | Reached XP level 2. HP: 19/19 MP: 2/2
   243 | D:3      | Reached XP level 3. HP: 10/24 MP: 3/3
   257 | D:4      | Got a steaming ring mail
   268 | D:4      | Identified the +1 ring mail of the Vestibule of Hell {rN++ Int-4} (You found it on level 4 of the Dungeon)
   268 | D:4      | :*(
   296 | D:4      | Noticed a scorpion
   300 | D:4      | Noticed a black bear
   304 | D:3      | Noticed Shenda's ghost (amateur OpTm)
   326 | D:3      | Killed a black bear
   326 | D:3      | Reached skill level 4 in Axes
   326 | D:3      | Reached XP level 4. HP: 8/29 MP: 4/4
   326 | D:3      | Reached XP level 5. HP: 9/33 MP: 5/5
   340 | D:3      | Killed Shenda's ghost
   340 | D:3      | Reached XP level 6. HP: 22/39 MP: 6/6
   432 | D:5      | Entered Level 5 of the Dungeon
   487 | D:5      | Noticed a sky beast
   492 | D:5      | Reached skill level 5 in Axes
   505 | D:5      | Killed a sky beast
   505 | D:5      | Reached ** piety under Trog
   582 | D:5      | Found an oddly glowing altar of Pakellas.
   678 | D:7      | Reached XP level 7. HP: 44/44 MP: 7/7
   728 | D:7      | Reached skill level 5 in Fighting
   838 | D:6      | Noticed Grinder
   841 | D:6      | Reached skill level 6 in Axes
   846 | D:6      | Killed Grinder
   846 | D:6      | Reached skill level 5 in Armour
   846 | D:6      | Reached XP level 8. HP: 51/51 MP: 8/8
   979 | D:7      | Gained mutation: You have sharp toenails. [mutagenic meat]
   982 | D:7      | Gained mutation: You are dopey. (Int -2) [mutagenic meat]
   985 | D:7      | Gained mutation: Your spells are a little harder to cast, but a little more powerful. [mutagenic meat]
  1005 | D:7      | Found a staircase to the Ecumenical Temple.
  1098 | D:8      | Noticed Erica
  1108 | D:8      | Reached skill level 7 in Axes
  1111 | D:8      | Killed Erica
  1111 | D:8      | Reached skill level 8 in Axes
  1111 | D:8      | Reached XP level 9. HP: 57/57 MP: 9/9
  1232 | D:8      | WHY
  1270 | D:9      | Found a hide-covered altar of Uskayaw.
  1271 | D:9      | Gained mutation: You have razor-sharp toenails. [potion of mutation]
  1271 | D:9      | Lost mutation: You have razor-sharp toenails. [potion of mutation]
  1290 | D:9      | Killed from afar by an orc priest

Vault maps used:
D:1:      dpeg_arrival_leaves_temple_mockup, kennysheep_minor_cross
D:2:      lemuel_doored_altar, ecumenical_altar_1, lightli_corner_chamber
D:3:      kennysheep_decorative_pillar
D:4:      grunt_pakellas_salt, serial_bayou, serial_bayou_pond_e,
          serial_bayou_pond_c, serial_bayou_pond_a, serial_bayou_pond_d,
          grunt_ashenzari_visionary, uniq_duvessa, uniq_edmund
D:5:      serial_shops, shop_fountains, first_bread, basic_altar,
          chequers_ossuary_entry_cave, dk_xom_monty_hall
D:6:      uniq_crazy_yiuf_cottage, uniq_grinder, uniq_blork_the_orc
D:8:      uniq_erica
D:9:      minmay_opposing_rooms, lemuel_coloured_pillars_altar, zin_purify,
          lemuel_crystal_altar, nicolae_overflow_quartered_altars,
          hangedman_little_slice_of_home, serial_park_tiny_pond, uniq_grum

Skill      XL: |  1  2  3  4  5  6  7  8  9 |
---------------+----------------------------+-----
Axes           | 3 4 5 6 8 |  8.8
Fighting       | 4 5 7 |  7.6
Armour         | 3 4 5 6 7 |  7.2
Dodging        | |  1.5

Action                   |  1- 3 |  4- 6 |  7- 9 || total
-------------------------+-------+-------+-------++-------
Melee: Hand axe          |    36 |    55 |   105 ||   196
       Unarmed           |       |     1 |       ||     1
Invok: Berserk           |     3 |     2 |     7 ||    12
       Trog's Hand       |       |       |     6 ||     6
Evoke: Wand              |       |       |     1 ||     1
  Use: Potion            |     1 |     1 |     1 ||     3
       Scroll            |       |     2 |     1 ||     3
  Eat: Bread ration      |     1 |       |       ||     1
       Chunk             |       |     1 |    11 ||    12
       Meat ration       |       |       |     1 ||     1
Armor: Animal skin       |    31 |       |       ||    31
       Ring mail         |    12 |    31 |    96 ||   139
Dodge: Dodged            |    75 |    42 |    91 ||   208
